 Dungeon Crawl Stone Soup version 0.28.0-47-ge53b351184 (webtiles) character file.

Game seed: 1178780919710944921

126 H0rd4k the Charlatan (level 5, 0/37 HPs)
             Began as a Human Artificer on May 10, 2022.
             Killed by divine providence
             ... invoked by an orc priest
              (8 damage)
             ... on level 3 of the Dungeon.
             The game lasted 00:03:00 (2839 turns).

H0rd4k the Charlatan (Human Artificer)              Turns: 2839, Time: 00:03:00

Health: 0/37       AC:  3    Str:  9    XL:     5   Next: 32%
Magic:  5/5        EV: 15    Int: 21    God:
Gold:   43         SH:  0    Dex: 13    Spells: 4/4 levels left

rFire   . . .      SeeInvis .   k - +5 whip of the Glowing Coward {vamp, rElec Str-3 Int+7}
rCold   . . .      Faith    .   (no shield)
rNeg    . . .      Spirit   .   b - +0 leather armour
rPois   .          Reflect  .   (no helmet)
rElec   +          Harm     .   (no cloak)
rCorr   .          Rampage  .   (no gloves)
Will    .....                   (no boots)
Stlth   +.........              (no amulet)
HPRegen 0.12/turn               m - +4 ring of evasion
MPRegen 0.09/turn               (no ring)

@: no status effects
A: no striking features
a: no special abilities


You were on level 3 of the Dungeon.
You visited 1 branch of the dungeon, and saw 3 of its levels.

You collected 43 gold pieces.

Inventory:

Hand Weapons
 a - a +0 club
 k - the +5 whip of the Glowing Coward (weapon) {vamp, rElec Str-3 Int+7}
   (You found it on level 2 of the Dungeon)

   It occasionally heals its wielder for a portion of the damage dealt when it
   wounds a living foe.
   Str:       It affects your strength (-3).
   Int:       It affects your intelligence (+7).
   rElec:     It insulates you from electricity.
Armour
 b - a +0 leather armour (worn)
Jewellery
 m - a +4 ring of evasion (left hand)
Wands
 c - a wand of flame (13) (quivered)
 d - a wand of charming (15)
Scrolls
 f - a scroll of torment {unknown}
 h - a scroll of immolation {unknown}
 i - 3 scrolls of identify {unknown}
 l - a scroll of teleportation {unknown}
 o - a scroll of silence {unknown}
Potions
 g - a potion of cancellation {unknown}
 j - a potion of brilliance {unknown}
 n - a potion of curing {unknown}
Miscellaneous
 e - a piece from Xom's chessboard (15/15)


   Skills:
 + Level 1.2 Fighting
 + Level 3.0 Maces & Flails
 + Level 2.6 Armour
 + Level 1.7 Dodging
 + Level 1.2 Stealth
 + Level 3.5 Evocations


You had 4 spell levels left.
You didn't know any spells.
Your spell library contained the following spells:

 Spells                   Type           Power      Damage    Failure   Level
 Animate Skeleton         Necr           0%         N/A       24%         1
 Pain                     Necr           0%         1d4       24%         1
 Vampiric Draining        Necr           0%         2d6       58%         3


Dungeon Overview and Level Annotations

Branches:
Dungeon (3/15)

Altars:

Shops:
D:1 [=[*


Message History

The orc wizard closely misses you.
You barely miss the orc wizard.
The orc wizard is almost dead.
The orc wizard misses you.
You hit the orc wizard.
You kill the orc wizard!
Your Maces & Flails skill increases to level 3!
i - 3 scrolls labelled JETEDUCZOA (gained 1)
Things that are here:
a +0 dagger; a +0 robe The orc priest shouts!
An orc priest is nearby!
An orc priest is nearby!
The orc priest invokes the aid of Beogh against you.
Beogh smites you!
The orc priest calls down the wrath of Beogh upon you.
Pain shoots through your body! The orc priest hits you with a +0 club.
You barely miss the orc priest. The orc priest barely misses you.
You hit the orc priest.
The orc priest is moderately wounded.
The orc priest hits you with a +0 club.
You barely miss the orc priest.
The orc priest is moderately wounded.
The orc priest mumbles some strange prayers to Beogh against you.
Beogh smites you!
* * * LOW HITPOINT WARNING * * *
You barely miss the orc priest. Your punch misses the orc priest.
The orc priest is moderately wounded.
The orc priest hits you but does no damage.
You hit the orc priest.
The orc priest is heavily wounded.
You closely miss the orc priest.
The orc priest is heavily wounded.
The orc priest misses you.
You whack the orc priest!
The orc priest is almost dead.
The orc priest mumbles some strange prayers to Beogh against you.
Beogh smites you!
You die...

### . #######.#
#######...
#.......####..(......
##.#.......).........
#.........##......)..
#..#.##.#.##........o
#.......#)##......###
##...>.....@o........
.....##..#.###########
#......)#.#
#.....)<#.#
#.....(<#.#
#.......#.#
##.<....#.#
#...#.#.#.# #.....#.#


You could see an orc priest.

Vanquished Creatures
  2 orc wizards
  An adder (D:2)
  2 worms (D:2)
  7 orcs
  3 bats
  6 endoplasms
  3 giant cockroaches
  6 goblins
  4 hobgoblins
  3 quokkas (D:1)
  A ball python (D:2)
  3 frilled lizards
  5 kobolds
  7 rats
53 creatures vanquished.

Notes
Turn   | Place    | Note
-------+----------+-------------------------------------------
     0 | D:1      | H0rd4k the Human Artificer began the quest for the Orb.
     0 | D:1      | Reached XP level 1. HP: 15/15 MP: 1/1
   191 | D:1      | Reached XP level 2. HP: 21/21 MP: 2/2
   622 | D:1      | Found Togh's Armour Boutique.
   697 | D:1      | Found Erurph's Antique Armour Shoppe.
   736 | D:1      | Reached XP level 3. HP: 19/26 MP: 3/3
   880 | D:1      | Found Vaih's Jewellery Shoppe.
  1021 | D:1      | Found Fuhocs's Assorted Antiques.
  1357 | D:2      | Identified the +5 whip of the Glowing Coward {vamp, rElec
                  | Str-3 Int+7}
  1380 | D:2      | Found a faded altar of an unknown god.
  1743 | D:2      | Reached skill level 1 in Maces & Flails
  2160 | D:2      | Reached XP level 4. HP: 32/32 MP: 4/4
  2770 | D:3      | Reached XP level 5. HP: 35/37 MP: 5/5
  2839 | D:3      | Killed from afar by an orc priest

Illustrated notes

Levels and vault maps discovered:
D:1:      eino_arrival_tree_alley, layout_basic, serial_shops,
          nicolae_square_shop, nicolae_shop_waterfront, shop,
          nicolae_shop_hallway_plus
D:2:      layout_basic, ebering_ecumenical_altar_hall
D:3:      layout_basic, serial_undead, serial_undead_d, serial_undead_b,
          serial_undead_a, serial_undead_b, kennysheep_generic_room_9

Skill      XL: |  1  2  3  4  5 |
---------------+----------------+-----
Maces & Flails | 1 2 3 |  3.0
Fighting       | |  1.2
Armour         | |  2.6
Dodging        | |  1.7
Stealth        | |  1.2
Evocations     | |  3.5

Action                   |  1- 3 |  4- 6 || total
-------------------------+-------+-------++-------
Melee: Club              |    84 |       ||    84
       Whip              |    42 |    66 ||   108
       Punch             |     1 |     1 ||     2
Evoke: Wand              |     2 |       ||     2
 Stab: Sleeping          |     2 |     1 ||     3
Armor: Leather armour    |    46 |     3 ||    49
Dodge: Dodged            |    77 |    32 ||   109
